 Dungeon Crawl Stone Soup version 0.30.1-3-gfc49f6343a (webtiles) character file.

Game seed: 17372770817021420698

246 Wiggles the Chopper (level 5, 0/48 HPs)
             Began as a Minotaur Berserker on Aug 9, 2023.
             Was a Priest of Trog.
             Slain by a killer bee (7 damage)
             ... on level 4 of the Dungeon.
             The game lasted 00:03:32 (1932 turns).

Wiggles the Chopper (Minotaur Berserker)            Turns: 1932, Time: 00:03:33

Health: 0/48       AC: 13    Str: 29 (30) XL:     5   Next: 84%
Magic:  4/4        EV:  8    Int:  3 (4)  God:    Trog [***...]
Gold:   91         SH:  0    Dex:  8 (9)  Spells: 4/4 levels left

rFire   . . .        a - +0 hand axe
rCold   + . .        (no shield)
rNeg    . . .        g - +1 plate armour {rC+}
rPois   .            (helmet restricted)
rElec   .            l - +0 cloak
rCorr   .            (no gloves)
SInv    .            (no boots)
Will    .....        (no amulet) Stlth
                     o - +6 ring of strength
HPRegen 0.28/turn    (no ring)
MPRegen 0.09/turn

%: no passive effects
@: lethally poisoned (0 -> -9)
A: horns 2, retaliatory headbutt
a: Renounce Religion, Berserk, Trog's Hand


You were on level 4 of the Dungeon.
You worshipped Trog.
Trog was most pleased with you.
You visited 1 branch of the dungeon, and saw 4 of its levels.

You collected 119 gold pieces.
You spent 28 gold pieces at shops.

Inventory:

Hand Weapons
 a - a +0 hand axe (weapon)
Armour
 g - a +1 plate armour of cold resistance (worn)
 l - a +0 cloak (worn)
Jewellery
 o - a +6 ring of strength (left hand)
Scrolls
 e - 6 scrolls of identify
 h - 2 scrolls of teleportation {unknown}
 i - a scroll of vulnerability {unknown}
 j - a scroll of blinking {unknown}
Potions
 b - a potion of degeneration
 c - a potion of magic
 d - 2 potions of heal wounds {unknown}
 f - a potion of curing
 k - a potion of haste {unknown}
 m - a potion of ambrosia {unknown}
 n - 2 potions of attraction {unknown}


   Skills:
 + Level 5.3 Fighting
 + Level 6.0 Axes
 + Level 3.6 Armour
 + Level 2.8 Dodging


You had 4 spell levels left.
You didn't know any spells.
Your spell library was empty.

Dungeon Overview and Level Annotations

Branches:
Dungeon (4/15)
 Temple: D:4-7

Altars:

Shops:
D:1 (   D:2 ?


Innate Abilities, Weirdness & Mutations

You have a pair of horns on your head.
You reflexively headbutt those who attack you in melee.


Message History

You furiously retaliate!
You headbutt the killer bee!
You kill the killer bee!
Trog accepts your kill.
The giant cockroach bites you but does no damage.
The goblin hits you but does no damage. The killer bee stings you.
* * * LOW HITPOINT WARNING * * *
The ball python barely misses you. You furiously retaliate!
You headbutt the ball python.
You kill the ball python!
Trog accepts your kill. The killer bee barely misses you.
Your Axes skill increases to level 6!
It was a potion of degeneration.
There was something very wrong with that liquid.
You feel weakened.
You feel dopey.
You feel clumsy.
* * * LOW HITPOINT WARNING * * *
You feel sick. The killer bee stings you.
* * * LOW HITPOINT WARNING * * *
You are more poisoned.
The killer bee poisons you! The killer bee closely misses you.
The giant cockroach bites you but does no damage.
The goblin hits you but does no damage.
The killer bee stings you but does no damage.
The killer bee closely misses you.
It was a potion of curing.
You feel better.
The giant cockroach completely misses you.
You furiously retaliate!
You headbutt the giant cockroach. The killer bee stings you.
* * * LOW HITPOINT WARNING * * *
The goblin hits you but does no damage. The giant cockroach closely misses you.
The killer bee stings you.
* * * LOW HITPOINT WARNING * * *
You are lethally poisoned!
The killer bee poisons you! The killer bee barely misses you.
You furiously retaliate!
You headbutt the killer bee!
You feel better. The killer bee stings you.
* * * LOW HITPOINT WARNING * * *
You are lethally poisoned!
The killer bee poisons you! The killer bee stings you!
You die...

##......##
##........##
##..........#
#...........#
#####..........#
.....(.<...†...#
#####..........#####.
#.........B......
#.........@y......
#........gyy......
..........o..g.....
.#......l.....#.#...
.............?...$.
...............
...............
.......##......


You could see an iguana, 3 killer bees, an orc, a giant cockroach, a hobgoblin
and a goblin.

Vanquished Creatures
  A killer bee (D:4)
  A hound (D:4)
  An iguana (D:4)
  5 adders
  2 worms (D:2)
  A dart slug (D:1)
  12 orcs
  8 ball pythons
  9 endoplasms
  2 giant cockroaches
  10 goblins
  4 hobgoblins
  4 jackals (D:1)
  2 kobolds (D:1)
  4 quokkas
  7 bats
  3 frilled lizards
  4 rats (D:1)
80 creatures vanquished.

Notes
Turn   | Place    | Note
-------+----------+-------------------------------------------
     0 | D:1      | Wiggles the Minotaur Berserker began the quest for the Orb.
     0 | D:1      | Reached XP level 1. HP: 19/19 MP: 0/0
    88 | D:1      | Found Cios's Weapon Emporium.
   125 | D:1      | Reached XP level 2. HP: 27/27 MP: 1/1
   128 | D:1      | Reached skill level 4 in Axes
   330 | D:1      | Reached ** piety under Trog
   342 | D:1      | Reached XP level 3. HP: 31/33 MP: 2/2
   962 | D:2      | Found Kuzayk's Magic Scroll Shoppe.
   967 | D:2      | Bought a scroll of identify for 28 gold pieces
   994 | D:2      | Reached XP level 4. HP: 39/41 MP: 3/3
  1343 | D:3      | Found a faded altar of an unknown god.
  1354 | D:3      | Reached skill level 5 in Axes
  1554 | D:3      | Reached *** piety under Trog
  1571 | D:3      | Reached XP level 5. HP: 47/47 MP: 4/4
  1909 | D:4      | Reached skill level 5 in Fighting
  1930 | D:4      | Reached skill level 6 in Axes
  1930 | D:4      | HP: 1/48 [killer bee (4)]
  1932 | D:4      | Slain by a killer bee

Illustrated notes

Levels and vault maps discovered:
D:1:      psy_arrival_whirlpool, layout_rooms, serial_aquarium,
          aquarium_bridge_island_small [aquarium_subvault_small_open,
          aquarium_subvault_bridge, aquarium_subvault_window,
          aquarium_subvault_bridge, aquarium_subvault_wall], aquarium_window_1,
          aquarium_window_2, aquarium_window_1, aquarium_window_corner,
          aquarium_view_2d, aquarium_view_2e, aquarium_pool_2, serial_shops,
          shop
D:2:      layout_basic, serial_shops, nicolae_shop_trees
D:3:      layout_rooms, hellmonk_ecumenical_altar_slurped_away
D:4:      layout_rooms, minmay_temple_entry_overgrown,
          chequers_serial_rivers_room_a, uniq_grinder, uniq_blork_the_orc

Skill      XL: |  1  2  3  4  5 |
---------------+----------------+-----
Axes           | 4 5 6 |  6.0
Fighting       | 4 5 |  5.3
Armour         | 3 |  3.6
Dodging        | |  2.8

Action                     |  1- 3 |  4- 6 || total
---------------------------+-------+-------++-------
  Melee: Hand axe          |   108 |    79 ||   187
         Headbutt          |    11 |    14 ||    25
         Punch             |     2 |       ||     2
    Use: Potion            |       |     4 ||     4
 Armour: Animal skin       |    13 |       ||    13
         Plate armour      |    57 |    59 ||   116
  Dodge: Dodged            |    61 |    45 ||   106
